 Dungeon Crawl Stone Soup version 0.22-a0-358-g7563fe7 (webtiles) character file.

17464 Leszczynek the Grappler (level 12, -8/119 HPs)
             Began as a Troll Skald on Apr 18, 2018.
             Was a High Priest of Okawaru.
             Mangled by an orc warrior
             ... wielding a +0 glaive
              (13 damage)
             ... on level 2 of the Orcish Mines.
             The game lasted 00:32:49 (4537 turns).

Leszczynek the Grappler (Troll Skald)               Turns: 4537, Time: 00:32:50

Health: -8/119     AC:  7    Str: 22    XL:     12   Next: 19%
Magic:  16/16      EV: 14    Int: 12    God:    Okawaru [*****.]
Gold:   726        SH:  0    Dex: 10    Spells: 11/13 levels left

rFire    . . .     SeeInvis .     - Unarmed
rCold    . . .     Gourm    +   (no shield)
rNeg     + . .     Faith    .   n - +2 robe {MR+}
rPois    .         Spirit   .   (helmet restricted)
rElec    .         Reflect  .   (no cloak)
rCorr    .         Harm     .   (gloves unavailable)
MR       +....                  (boots unavailable)
Stlth    +++.......             (no amulet)
HPRegen  0.69/turn              p - ring "Coleicho" {*Drain +Inv +Fly rN+}
MPRegen  0.15/turn              (no ring)

@: heroism
A: large, unfitting armour, claws 3, fast metabolism 3, gourmand, regeneration
1, shaggy fur 1, tough skin 2
a: Heroism, Finesse, Renounce Religion, Evoke Invisibility, Evoke Flight


You were on level 2 of the Orcish Mines.
You worshipped Okawaru.
Okawaru was extremely pleased with you.
You were completely stuffed.

You visited 2 branches of the dungeon, and saw 12 of its levels.
You also visited: Labyrinth.

You collected 822 gold pieces.
You spent 96 gold pieces at shops.

Inventory:

Missiles
 a - 20 tomahawks (quivered)
 c - a throwing net
 y - 8 large rocks
Armour
 f - a +2 large shield {D motherfucking 2}
 n - a +2 robe of magic resistance (worn)
Jewellery
 p - the ring "Coleicho" (left claw) {*Drain +Inv +Fly rN+}
   (You found it on level 5 of the Dungeon)

   [ring of flight]

   It protects you from negative energy.
   It lets you turn invisible.
   It lets you fly.
   It causes draining when unequipped.
Wands
 g - a wand of clouds (2)
 q - a wand of random effects (46)
 u - a wand of acid (6)
 D - a wand of disintegration (8)
Scrolls
 b - a scroll of enchant weapon
 e - 2 scrolls of teleportation
 h - 2 scrolls of enchant armour
 i - 2 scrolls of fog
 m - a scroll of blinking
 r - a scroll of magic mapping {unknown}
 s - a scroll of torment {unknown}
 w - 3 scrolls of remove curse {@r2}
 x - a scroll of random uselessness {unknown}
 C - a scroll of fear {unknown}
 E - a scroll of summoning {unknown}
Potions
 j - a potion of haste
 k - a potion of brilliance
 o - 2 potions of curing {unknown}
 t - 2 potions of agility {unknown}
 z - a potion of heal wounds {unknown}
 A - a potion of berserk rage {unknown}
 B - a potion of degeneration {unknown}
Miscellaneous
 F - a lightning rod (4/4)
Comestibles
 d - 10 rations
 l - 6 chunks of flesh


   Skills:
 + Level 7.9(12.9) Fighting
 + Level 5.5(10.5) Dodging
 + Level 7.6(12.6) Shields
 - Level 12.0(17.0) Unarmed Combat
 - Level 1.2 Spellcasting
   Level 2.0 Charms
 - Level 7.0 Invocations


You had 11 spell levels left.
You knew the following spells:

 Your Spells              Type           Power        Failure   Level  Hunger
B - Blink                 Tloc           N/A          41%         2    ###....


Dungeon Overview and Level Annotations

Branches:
Dungeon (10/15)            Temple (0/1) D:5            Lair (0/6) D:10
    Orc (2/2) D:9             Elf (0/3) Orc:2

Altars:
Dithmenos
Elyvilon
Fedhas
Gozag
Makhleb
Okawaru
Uskayaw
Yredelemnul
The Shining One
Beogh

Shops:
D:5 %   D:6 [   D:10 [   Orc:2 }

Annotations:
D:6 2 transporters
Orc:2 2 runed doors SHIELD OF IGNORANCE, exclusion: orange crystal statue


Innate Abilities, Weirdness & Mutations

You are too large for most types of armour.
You have claws for hands.
Your metabolism is lightning-fast.
You like to eat raw meat.
Your natural rate of healing is unusually fast.
You are covered in fur. (AC +1)
You have very tough skin. (AC +2)


Message History

An orc wizard comes into view. It is wielding a dagger.
Items here: ))) [[[ You claw the orc warrior!
The orc warrior is heavily wounded.
The orc wizard points at you and mumbles some strange words.
The magic dart hits you!
The orc warrior hits you from afar with a halberd!
* * * LOW HITPOINT WARNING * * *
The orc warrior hits you from afar with a glaive!
* * * LOW HITPOINT WARNING * * *
The orc wizard gestures at you while chanting.
The puff of flame hits you!
* * * LOW HITPOINT WARNING * * *
Okay, then.
The orc wizard hits you but does no damage.
Unknown command.
You scratch the orc wizard but do no damage.
The orc wizard barely misses you.
The orc warrior hits you from afar with a glaive!
You die...

#####o)).## #...._..##....#
##....)##..## #.......# #...#
#.......##..# #.......###...#
#∩.#.##...##.###......#.#.#...
#. #. ##.)##.[##..............
. #o..##o##..........#.#. #.
....##o##..........###. ....
o...##.##....##.)o..#..
#.o....#####@##...####.#)#...
o........o......##.##...#.#
.....#####.##.......##..###
... #.##....).###...## .
#.##..#...####.#.#
#.##.###)...###...
..#####......###.# .##
##......#### . ##.#....###


You could see 2 orc warriors and an orc wizard.

Vanquished Creatures
  A stone giant (Orc:1)
  A minotaur (Lab)
  Josephine (D:10)
  A two-headed ogre (D:10)
  4 orc high priests (Orc:2)
  The ghost of Leszczynek the Grappler, a novice TrSk of Okawaru (D:8)
  Pikel (D:7)
  4 orc knights (Orc:2)
  3 orc sorcerers (Orc:2)
  A cyclops (Orc:1)
  A centaur zombie (D:10)
  A hippogriff (D:7)
  Sigmund (D:5)
  A wyvern (D:8)
  5 wraiths (D:10)
  2 hungry ghosts
  3 wargs (D:9)
  A water moccasin (D:10)
  19 orc warriors
  A sky beast (D:9)
  3 ice beasts
  A slave (D:7)
  A black bear (D:8)
  A necrophage (D:8)
  4 centaurs
  3 ogres
  A crocodile (D:8)
  6 bullfrogs
  A scorpion (D:10)
  A howler monkey (D:4)
  7 wights
  5 crimson imps
  A quasit (D:7)
  5 hounds
  A jelly (D:9)
  2 bullfrog skeletons
  15 orc priests
  17 orc wizards
  6 iguanas
  3 iron imps (D:9)
  2 worker ants (D:9)
  A hound zombie (D:7)
  A worker ant zombie (D:9)
  6 adders
  4 gnolls (D:5)
  An adder zombie (D:5)
  A worm (D:4)
  A leopard gecko (D:10)
  46 orcs
  A ball python (D:4)
  5 giant cockroaches
  3 goblins (D:3)
  3 hobgoblins
  7 jackals
  3 quokkas
  5 bats
  2 frilled lizards
  3 kobolds (D:1)
  A leopard gecko zombie (D:8)
  A quokka skeleton (D:4)
  5 rats
239 creatures vanquished.

Vanquished Creatures (others)
  2 bullfrogs (D:7)
  A leopard gecko skeleton (D:7)
3 creatures vanquished.

Grand Total: 242 creatures vanquished

Notes
Turn   | Place    | Note
-------+----------+-------------------------------------------
     0 | D:1      | Leszczynek the Troll Skald began the quest for the Orb.
     0 | D:1      | Reached XP level 1. HP: 19/19 MP: 1/1
    84 | D:1      | Reached XP level 2. HP: 27/27 MP: 2/2
   234 | D:2      | Reached skill level 3 in Unarmed Combat
   489 | D:3      | Reached XP level 3. HP: 27/33 MP: 3/3
   494 | D:3      | Reached skill level 4 in Unarmed Combat
   515 | D:3      | Reached XP level 4. HP: 31/41 MP: 4/4
   657 | D:4      | Reached skill level 5 in Unarmed Combat
   663 | D:4      | Reached XP level 5. HP: 44/48 MP: 5/5
   673 | D:4      | Found an iron altar of Okawaru.
   705 | D:4      | Became a worshipper of Warmaster Okawaru
   757 | D:4      | Reached skill level 6 in Unarmed Combat
   768 | D:4      | Reached XP level 6. HP: 48/55 MP: 6/6
   814 | D:5      | Entered Level 5 of the Dungeon
   906 | D:5      | Reached * piety under Okawaru
   928 | D:5      | Noticed an ice beast
   941 | D:5      | Killed an ice beast
   941 | D:5      | Reached skill level 7 in Unarmed Combat
   993 | D:5      | Reached XP level 7. HP: 62/62 MP: 4/7
  1004 | D:5      | Got a steaming wooden ring
  1005 | D:5      | Identified the ring "Coleicho" {*Drain +Inv +Fly rN+} (You found it on level 5 of the Dungeon)
  1049 | D:5      | Noticed Sigmund
  1055 | D:5      | Found Olosmipn's Food Emporium.
  1069 | D:5      | Killed Sigmund
  1069 | D:5      | Reached skill level 8 in Unarmed Combat
  1098 | D:5      | Found a staircase to the Ecumenical Temple.
  1137 | D:5      | Reached skill level 2 in Fighting
  1138 | D:5      | Reached ** piety under Okawaru
  1138 | D:5      | Reached skill level 1 in Shields
  1238 | D:6      | Found a transporter.
  1242 | D:6      | Noticed a kobold demonologist
  1243 | D:6      | wow, there's literally nothing inside
  1243 | D:6      | Noticed a kobold demonologist
  1256 | D:6      | Found a transporter.
  1266 | D:6      | Reached skill level 9 in Unarmed Combat
  1284 | D:6      | Reached XP level 8. HP: 72/72 MP: 8/8
  1315 | D:6      | Found a shadowy altar of Dithmenos.
  1315 | D:6      | Found an opulent altar of Gozag.
  1387 | D:6      | Found Coanompeno's Antique Armour Emporium.
  1395 | D:6      | Bought a runed robe for 96 gold pieces
  1420 | D:6      | +1 MR+, worth it
  1452 | D:6      | Reached skill level 2 in Shields
  1458 | D:6      | Found a hide-covered altar of Uskayaw.
  1461 | D:6      | Found a glowing golden altar of the Shining One.
  1462 | D:6      | Found a basalt altar of Yredelemnul.
  1467 | D:6      | Found a blossoming altar of Fedhas.
  1467 | D:6      | Found a white marble altar of Elyvilon.
  1530 | D:7      | Reached skill level 3 in Fighting
  1617 | D:7      | Noticed Pikel
  1635 | D:7      | Killed Pikel
  1635 | D:7      | Reached *** piety under Okawaru
  1635 | D:7      | Reached skill level 3 in Shields
  1635 | D:7      | Reached skill level 10 in Unarmed Combat
  1635 | D:7      | Reached XP level 9. HP: 67/84 MP: 6/9
  1742 | D:7      | Reached skill level 4 in Fighting
  1800 | D:7      | Reached **** piety under Okawaru
  1864 | D:8      | Reached skill level 2 in Invocations
  1912 | D:8      | Reached skill level 3 in Invocations
  2042 | D:9      | Reached skill level 4 in Invocations
  2071 | D:9      | Found a burning altar of Makhleb.
  2086 | D:9      | Reached skill level 5 in Invocations
  2126 | D:9      | Learned a level 2 spell: Blink
  2247 | D:9      | Reached skill level 6 in Invocations
  2301 | D:10     | Entered Level 10 of the Dungeon
  2301 | D:10     | Noticed a two-headed ogre
  2310 | D:10     | Killed a two-headed ogre
  2310 | D:10     | Reached ***** piety under Okawaru
  2310 | D:10     | Reached skill level 7 in Invocations
  2310 | D:10     | Reached XP level 10. HP: 38/92 MP: 10/14
  2328 | D:10     | Found a staircase to the Lair.
  2328 | D:10     | Noticed Josephine
  2329 | D:10     | Y I K E S
  2375 | D:10     | ok, let's go now
  2375 | D:10     | lol
  2389 | D:10     | Killed Josephine
  2389 | D:10     | Reached skill level 4 in Shields
  2390 | D:10     | Reached skill level 11 in Unarmed Combat
  2411 | D:10     | HP: 12/94 [wraith[Josephine] (11)]
  2413 | D:10     | Reached skill level 5 in Fighting
  2610 | D:10     | Reached skill level 5 in Shields
  2644 | D:10     | Found Geor's Armour Boutique.
  2729 | D:9      | Received a gift from Okawaru
  2773 | D:8      | Noticed Leszczynek's ghost (novice TrSk)
  2826 | D:8      | Killed Leszczynek's ghost
  2887 | D:7      | Reached skill level 2 in Dodging
  2887 | D:7      | Reached XP level 11. HP: 87/105 MP: 15/15
  2985 | D:9      | Found a staircase to the Orcish Mines.
  3011 | D:9      | Reached skill level 6 in Fighting
  3064 | Orc:1    | Entered Level 1 of the Orcish Mines
  3276 | Orc:2    | Entered Level 2 of the Orcish Mines
  3276 | Orc:2    | Noticed a stone giant
  3284 | Orc:1    | Killed a stone giant
  3284 | Orc:1    | Reached skill level 3 in Dodging
  3284 | Orc:1    | Reached skill level 6 in Shields
  3287 | Orc:1    | kek
  3305 | Orc:2    | Received a gift from Okawaru
  3310 | Orc:2    | >randart broad axe
  3315 | Orc:2    | Got a twisted broad axe {god gift}
  3317 | Orc:2    | Noticed an orc high priest
  3331 | Orc:2    | Killed an orc high priest
  3331 | Orc:2    | Reached skill level 12 in Unarmed Combat
  3344 | Orc:1    | Identified the +8 broad axe "Liumpass" {god gift, vamp, rPois Int+4} (Okawaru gifted it to you on level 2 of the Orcish Mines)
  3429 | Orc:2    | Found a staircase to the Elven Halls.
  3435 | Orc:2    | Found a labyrinth entrance.
  3475 | Lab      | Entered a labyrinth
  4013 | Lab      | Noticed a minotaur
  4024 | Lab      | Killed a minotaur
  4032 | Lab      | it sure was FAST
  4124 | Orc:2    | Reached skill level 4 in Dodging
  4148 | Orc:2    | Found a runed door.
  4148 | Orc:2    | Noticed an orange crystal statue
  4220 | Orc:2    | Found a roughly hewn altar of Beogh.
  4238 | Orc:2    | Found the +10 large shield of Ignorance {rN+ Int-4}
  4239 | Orc:2    | >shield of ignorance
  4239 | Orc:2    | h e l l o
  4251 | Orc:2    | Found a runed door.
  4286 | Orc:2    | Noticed an orc high priest
  4286 | Orc:2    | Noticed an orc high priest
  4286 | Orc:2    | Noticed an orc high priest
  4286 | Orc:2    | Noticed an orc knight
  4287 | Orc:2    | Noticed an orc knight
  4288 | Orc:2    | aw shit
  4291 | Orc:2    | Noticed an orc sorcerer
  4321 | Orc:2    | Killed an orc high priest
  4321 | Orc:2    | Reached skill level 7 in Fighting
  4324 | Orc:2    | Killed an orc high priest
  4337 | Orc:2    | Killed an orc knight
  4337 | Orc:2    | Reached skill level 7 in Shields
  4339 | Orc:2    | Killed an orc sorcerer
  4365 | Orc:2    | Killed an orc high priest
  4365 | Orc:2    | Received a gift from Okawaru
  4365 | Orc:2    | Reached skill level 5 in Dodging
  4381 | Orc:2    | Noticed an orc sorcerer
  4398 | Orc:2    | Killed an orc knight
  4398 | Orc:2    | Reached XP level 12. HP: 117/118 MP: 13/16
  4446 | Orc:2    | Found Zodeaj's Gadget Shop.
  4534 | Orc:2    | HP: 23/119 [orc warrior/halberd (10)]
  4535 | Orc:2    | HP: 8/119 [orc warrior/glaive (15)]
  4535 | Orc:2    | HP: 3/119 [orc wizard/puff of flame (5)]
  4537 | Orc:2    | Mangled by an orc warrior

Vault maps used:
D:1:      saegor_arrival_simple_a, serial_bayou_pond_e, kennysheep_nondescript,
          fountainhead
D:2:      cheibrodos_greedy_goblins
D:3:      first_ration
D:4:      grunt_temple_overflow_magic_moments, nicolae_overflow_hidden_temple,
          okawaru_trees_2
D:5:      temple_statues, serial_shops, kennysheep_little_box, fountainhead,
          uniq_sigmund
D:6:      gammafunk_wand_slinger, minmay_overflow_temple_star_hex,
          gammafunk_temple_overflow_wave, serial_shops, shop,
          minmay_misc_feat_rows
D:7:      uniq_pikel
D:8:      uniq_gastronok
D:9:      demons_altar, minmay_orc_entry_guard_dogs, uniq_joseph
D:10:     lair_entry_dummy, serial_shops, shop, hangedman_ranch, uniq_josephine
Orc:1:    serial_shops, nicolae_shop_behind_doors, nicolae_orc_lost_temple
Orc:2:    st_orc_elflike, basic_altar, lab_entry_generic,
          chequers_guarded_unrand_ignorance
Lab:      nicolae_lab_swirl

Skill      XL: |  1  2  3  4  5  6  7  8  9 10 11 |
---------------+----------------------------------+-----
Unarmed Combat | 3 4 5 6 7 9 10 11 12 | 12.0
Fighting       | 2 3 4 5 7 |  7.9
Shields        | 1 3 5 7 |  7.6
Invocations    | 7 |  7.0
Dodging        | 2 5 |  5.5
Spellcasting   | |  1.2
Charms         | |  2.0

Action                   |  1- 3 |  4- 6 |  7- 9 | 10-12 || total
-------------------------+-------+-------+-------+-------++-------
Melee: Unarmed           |    77 |   113 |   219 |   350 ||   759
       Punch             |       |     2 |     4 |    23 ||    29
Throw: Tomahawk          |       |       |     1 |       ||     1
Invok: Heroism           |       |     2 |     6 |    13 ||    21
       Finesse           |       |       |       |     6 ||     6
Evoke: Wand              |       |       |       |     1 ||     1
  Use: Scroll            |       |       |     6 |     4 ||    10
  Eat: Chunk             |     9 |     5 |    18 |    30 ||    62
Armor: Robe              |    26 |    25 |    41 |    64 ||   156
Dodge: Dodged            |    22 |    43 |    76 |   147 ||   288

Table legend:
 A = Spawn XP
 B = Non-spawn XP
 C = Spawn XP percentage of total XP
 D = Spawn monster count
 E = Non-spawn monster count
 F = Spawn count percentage of total count
 G = Total turns spent on level
                    A         B        C        D         E        F      G
               +---------+---------+-------+---------+---------+-------+---------
         Total |       0 |   24949 |   0.0 |       0 |     239 |   0.0 |  4537
               +---------+---------+-------+---------+---------+-------+---------
           D:1 |       0 |      18 |   0.0 |       0 |      12 |   0.0 |   171
           D:2 |       0 |      12 |   0.0 |       0 |       8 |   0.0 |   247
           D:3 |       0 |     132 |   0.0 |       0 |      16 |   0.0 |   250
           D:4 |       0 |     236 |   0.0 |       0 |      18 |   0.0 |   188
           D:5 |       0 |     916 |   0.0 |       0 |      24 |   0.0 |   336
           D:6 |       0 |     550 |   0.0 |       0 |      12 |   0.0 |   312
           D:7 |       0 |    1886 |   0.0 |       0 |      26 |   0.0 |   378
           D:8 |       0 |    1618 |   0.0 |       0 |      15 |   0.0 |   369
           D:9 |       0 |    2101 |   0.0 |       0 |      27 |   0.0 |   456
          D:10 |       0 |    4505 |   0.0 |       0 |      25 |   0.0 |   424
         Orc:1 |       0 |    2589 |   0.0 |       0 |      11 |   0.0 |   200
         Orc:2 |       0 |    9163 |   0.0 |       0 |      44 |   0.0 |   642
           Lab |       0 |    1223 |   0.0 |       0 |       1 |   0.0 |   564
               +---------+---------+-------+---------+---------+-------+---------
